 Dungeon Crawl Stone Soup version 0.17-a0-1397-g0eee0a3 (webtiles) character file.

82961 Kidiri the Tortoise (level 15, -17/134 HPs)
             Began as a Minotaur Fighter on June 17, 2015.
             Was a High Priest of Qazlal.
             Demolished by an orc warrior
             ... wielding a +0 glaive
             ... led by Saint Roka
              (21 damage)
             ... on level 4 of the Orcish Mines.
             The game lasted 03:09:35 (27527 turns).

Kidiri the Tortoise (Minotaur Fighter)             Turns: 27527, Time: 03:09:35

Health: -17/134    AC: 28    Str: 25    XL:     15   Next: 31%
Magic:  19/29      EV: 10    Int:  4    God:    Qazlal [*****.]
Gold:   2743       SH: 22    Dex:  6    Spells: 0 memorised, 14 levels left

rFire  . . .     SeeInvis +     N - +3 hammer (flame)
rCold  . . .     Clarity  .     C - +10 ring mail of Nobruc {Int+3}
rNeg   . . .     SustAt   .     g - +2 shield
rPois  +         Gourm    .     (helmet restricted)
rElec  .         Spirit   .     f - +2 cloak
rCorr  .         Warding  .     (no gloves)
rMut   .         Stasis   .     Q - +1 pair of boots
MR     +....                    z - amulet of regeneration
Stlth  +.........               J - ring "Gouvo" {Str+2 Int-4 Dex-3 SInv Stlth+}
                                G - ring of Cutsy {*Confuse +Fly rPois MP+9 Dex-3}

@: exhausted, protected from physical damage, slowed, studying Armour, repel
missiles, very slow, somewhat resistant to hostile enchantments, very unstealthy
A: retaliatory headbutt, horns 2, mutation resistance 1, spit poison 1, weak 1
a: Spit Poison, Upheaval, Elemental Force, Disaster Area, Renounce Religion,
Evoke Flight


You were on level 4 of the Orcish Mines.
You worshipped Qazlal.
Qazlal was extremely pleased with you.
You were very hungry.

You visited 4 branches of the dungeon, and saw 25 of its levels.
You also visited: Labyrinth and Volcano.

You collected 2743 gold pieces.

Inventory:

Hand weapons
 r - a +2 whip of electrocution
 L - a +2 mace of holy wrath
 N - a +3 hammer of flaming (weapon)
Armour
 f - a +2 cloak (worn)
 g - a +2 shield (worn)
 q - a +2 chain mail of fire resistance
 C - the +10 ring mail of Nobruc (worn) {Int+3}
   (You took it off an orc priest on level 11 of the Dungeon)

   It affects your intelligence (+3).
 Q - a +1 pair of boots (worn)
Jewellery
 c - an uncursed amulet of warding
 n - an uncursed amulet of clarity
 o - an uncursed ring of protection from cold
 y - an uncursed ring of invisibility
 z - an amulet of regeneration (around neck)
 G - the ring of Cutsy (left hand) {*Confuse +Fly rPois MP+9 Dex-3}
   (You found it on level 2 of the Lair of Beasts)

   [ring of flight]

   It affects your dexterity (-3).
   It protects you from poison.
   It affects your magic capacity (+9).
   It lets you fly.
   It may confuse you when you take damage.
 I - an uncursed amulet of resist mutation
 J - the ring "Gouvo" (right hand) {Str+2 Int-4 Dex-3 SInv Stlth+}
   (You took it off a minotaur in a labyrinth)

   [ring of dexterity]

   It affects your strength (+2).
   It affects your intelligence (-4).
   It affects your dexterity (-3).
   It lets you see invisible.
   It makes you more stealthy.
 P - an uncursed ring of teleportation
 T - an uncursed ring of fire
 Z - an uncursed ring of sustain attributes
Magical devices
 d - a wand of lightning (10)
 e - a wand of frost (17)
 j - a wand of lightning (10)
 v - a wand of paralysis (10)
 x - a wand of lightning (7)
 A - a wand of cold (6)
 D - a wand of random effects (20)
 H - a wand of confusion (26)
 O - a wand of confusion (24)
 R - a wand of cold (6)
 S - a wand of slowing (17)
 U - a wand of cold (10)
 V - a wand of magic darts (37)
 W - a wand of fireball (9)
Scrolls
 b - 2 scrolls of blinking
 t - 2 scrolls of magic mapping
 F - 9 scrolls of teleportation
 K - a scroll of fog
Potions
 a - a potion of agility
 i - 2 potions of resistance
 k - 5 potions of haste
 l - 2 potions of flight
 s - 3 potions of curing
 w - 4 potions of might
 E - a potion of cancellation
Books
 Y - a manual of Armour
Comestibles
 h - 13 meat rations
 m - 24 royal jellies
 p - 29 chunks of flesh
 B - 20 fruits


   Skills:
 + Level 12.4 Fighting
 * Level 16.1 Maces & Flails
 * Level 16.9 Armour
 * Level 15.8 Shields
 + Level 9.2 Invocations
 + Level 2.5 Evocations


You had 14 spell levels left.
You didn't know any spells.

Dungeon Overview and Level Annotations

Branches:
Dungeon (12/15)            Temple (1/1) D:5            Lair (8/8) D:8
 Shoals (0/4) Lair:3        Snake (0/4) Lair:6        Slime (0/6) Lair:8
    Orc (4/4) D:11            Elf (0/3) Orc:4

Altars:
Ashenzari
Cheibriados
Dithmenos
Elyvilon
Fedhas
Gozag
Kikubaaqudgha
Makhleb
Nemelex Xobeh
Okawaru
Qazlal
Ru
Sif Muna
Trog
Vehumet
Xom
Yredelemnul
Zin
The Shining One
Beogh
Jiyva

Shops:
Orc:3 [

Portals:
Trove: D:10 (show slimy rune of Zot)

Annotations:
D:12 Gastronok, Sonja
Lair:1 exclusion: oklob plant


Innate Abilities, Weirdness & Mutations

You reflexively headbutt those who attack you in melee.
You have a pair of horns on your head.
You are somewhat resistant to further mutation.
You can spit weak poison.
You are weak. (Str -2)


Message History

Saint Roka is almost dead.
Unknown command.
You barely miss Saint Roka.
Saint Roka is almost dead.
You block the orc warrior's attack.
Saint Roka mumbles some strange prayers to Beogh against you.
Something smites you!
* * * LOW HITPOINT WARNING * * *
You block the orc warrior's attack. The orc hits you but does no damage.
You hit Saint Roka. You burn Saint Roka. You headbutt Saint Roka!
You kill Saint Roka!
Qazlal accepts your kill.
You found a teleport trap!
You feel a strong urge to attack something.
You are no longer berserk.
You are exhausted.
You feel yourself slow down.
You are feeling very hungry.
The orc warrior hits you from afar with a glaive!!
You die...

....# '.(.) ..
#...### #)).# ...
#.....# # ##)))##
...# ...§.## #.
#8)o)8# #..#. ..####
#..###..)).###..#....
...#
#...##.'§##...#.....
..##
#..^ooo)..##....#.
...#
###.8§8))##.#....#
..####
##@..).......$#
.....##
#.#.....$...##
......#
#.§...#....>.#
.....##
##....#......# ...###
#..#..##..#.## ...#
...#........## ..##
.............## ###
.#............# #
............##


You could see an orc knight (frenzied), 2 orc warriors and an orc (frenzied).

Vanquished Creatures
  Saint Roka (Orc:4)
  Nessos (Lair:6)
  A minotaur (Lab)
  Josephine (Orc:2)
  9 hydras
  Harold (Lair:4)
  Erolcha (Orc:2)
  A catoblepas (Lair:3)
  3 orc high priests
  8 death yaks
  A fire crab (Lair:7)
  An unseen horror (D:11)
  A hill giant (D:11)
  An orc sorcerer (Orc:1)
  2 ugly things (D:11)
  A siren (Lair:3)
  3 toenail golems (Volcano)
  Maurice (D:8)
  13 elephants
  9 black mambas
  2 torpor snails (Lair:6)
  Psyche (D:11)
  A gargoyle (D:11)
  7 komodo dragons
  16 spiny frogs
  A two-headed ogre (D:8)
  A queen bee (Lair:4)
  4 fire drakes
  A troll (D:9)
  8 polar bears (Lair:8)
  4 slime creatures (D:8)
  2 raiju (Lair:8)
  A trapdoor spider (Lab)
  A shadow (D:11)
  16 blink frogs
  A wyvern (D:8)
  Sigmund (D:3)
  5 wraiths
  A deep elf mage (D:9)
  2 basilisks
  3 vampire mosquitoes (D:12)
  44 yaks
  6 humans (Volcano)
  2 hungry ghosts
  5 hippogriffs
  14 wargs
  25 wolves
  A mottled dragon (D:11)
  A soldier ant (D:8)
  A sky beast (D:5)
  4 hell hounds (Lair:8)
  25 water moccasins
  Duvessa (D:6)
  2 wandering mushrooms (Lab)
  28 orc warriors
  13 black bears
  2 spiders (D:8)
  6 porcupines
  2 ice beasts
  3 centaurs
  4 phantoms
  A necrophage (D:9)
  3 wasps
  11 ogres
  18 crocodiles
  The ghost of Fluffy the Cudgeler, an average GrFi (D:3)
  21 giant frogs
  A big kobold (D:9)
  Dowan (D:6)
  A water moccasin zombie (D:8)
  3 scorpions
  A wyvern skeleton (D:11)
  20 killer bees
  9 wights
  3 quasits
  6 crimson imps
  A giant frog zombie (D:6)
  3 centaur zombies
  24 orc priests
  4 jellies
  15 hounds
  Crazy Yiuf (D:3)
  2 giant frog skeletons
  6 worker ants
  33 orc wizards
  6 iguanas
  26 sheep
  A hound zombie (D:9)
  2 hound skeletons
  A mummy (D:5)
  2 worker ant zombies (D:5)
  22 adders
  64 river rats
  12 white imps (Lair:3)
  An ooze (D:3)
  4 adder skeletons
  5 worms
  161 orcs
  2 bat skeletons
  3 giant cockroaches
  16 goblins
  19 hobgoblins
  14 jackals
  6 quokkas
  2 ball pythons (D:1)
  9 bats
  3 giant geckos
  6 giant newts
  16 kobolds
  A quokka skeleton (D:7)
  A quokka zombie (D:5)
  24 rats
  84 fungi
  41 plants
1071 creatures vanquished.

Vanquished Creatures (collateral kills)
  An orc warlord (Orc:2)
  An orc wizard (Orc:2)
  4 orcs (Orc:2)
6 creatures vanquished.

Vanquished Creatures (others)
  An orc priest (Orc:3)
  An orc (Orc:1)
  9 fungi
  9 plants (Lair:8)
20 creatures vanquished.

Grand Total: 1097 creatures vanquished

Notes
Turn   | Place    | Note
--------------------------------------------------------------
     0 | D:1      | Kidiri the Minotaur Fighter began the quest for the Orb.
     0 | D:1      | Reached XP level 1. HP: 19/19 MP: 0/0
   241 | D:1      | Reached skill level 4 in Shields
   259 | D:1      | Reached XP level 2. HP: 24/27 MP: 1/1
   846 | D:2      | Reached XP level 3. HP: 30/33 MP: 2/2
  1352 | D:2      | Reached XP level 4. HP: 38/40 MP: 3/3
  1783 | D:3      | Found a burning altar of Makhleb.
  1785 | D:3      | Noticed Sigmund
  1817 | D:3      | Killed Sigmund
  1817 | D:3      | Reached skill level 5 in Armour
  1817 | D:3      | Reached skill level 5 in Shields
  1817 | D:3      | Reached XP level 5. HP: 32/47 MP: 4/4
  2074 | D:3      | Reached XP level 6. HP: 33/53 MP: 5/5
  2335 | D:3      | Found an opulent altar of Gozag.
  2638 | D:3      | Noticed Crazy Yiuf
  2647 | D:3      | Killed Crazy Yiuf
  2647 | D:3      | Reached skill level 5 in Maces & Flails
  2711 | D:3      | Noticed Fluffy's ghost (average GrFi)
  2725 | D:3      | Killed Fluffy's ghost
  2798 | D:3      | Reached skill level 5 in Fighting
  2819 | D:3      | Found a stormy altar of Qazlal.
  2819 | D:3      | Found a basalt altar of Yredelemnul.
  2820 | D:3      | Found a glowing silver altar of Zin.
  3074 | D:4      | Gained mutation: You have supernaturally acute eyesight. [potion of mutation]
  3074 | D:4      | Lost mutation: You have supernaturally acute eyesight. [potion of mutation]
  3074 | D:4      | Gained mutation: You can spit weak poison. [potion of mutation]
  3086 | D:4      | Found a shimmering altar of Xom.
  3228 | D:4      | Reached XP level 7. HP: 55/61 MP: 6/6
  3518 | D:4      | Reached skill level 6 in Armour
  3869 | D:5      | Entered Level 5 of the Dungeon
  4034 | D:5      | Found a staircase to the Ecumenical Temple.
  4047 | Temple   | Entered the Ecumenical Temple
  4215 | D:3      | Became a worshipper of Qazlal Stormbringer
  4455 | D:5      | Gained mutation: You are somewhat resistant to further mutation. [mutagenic meat]
  4654 | D:5      | Got a dazzling dagger
  4655 | D:5      | Identified the +4 dagger of the Assorted Curses {speed, rPois Str-3 Int+8} (You found it on level 5 of the Dungeon)
  4750 | D:5      | Reached skill level 7 in Armour
  4750 | D:5      | Reached XP level 8. HP: 60/70 MP: 7/7
  4896 | D:5      | Acquired Qazlal's first power
  5500 | D:6      | Noticed Dowan
  5503 | D:6      | Noticed Duvessa
  5517 | D:6      | Killed Duvessa
  5517 | D:6      | Reached skill level 1 in Invocations
  5539 | D:6      | Killed Dowan
  5680 | D:6      | Found a burning altar of Makhleb.
  5957 | D:6      | Found a deep blue altar of Sif Muna.
  5961 | D:6      | Found a sacrificial altar of Ru.
  5971 | D:6      | Found an ancient bone altar of Kikubaaqudgha.
  6003 | D:6      | Found a white marble altar of Elyvilon.
  6146 | D:6      | Reached skill level 8 in Armour
  6297 | D:5      | Found a white marble altar of Elyvilon.
  6576 | D:7      | Acquired Qazlal's second power
  6783 | D:7      | Reached XP level 9. HP: 78/78 MP: 9/9
  7592 | D:8      | Found a snail-covered altar of Cheibriados.
  7592 | D:8      | Found a radiant altar of Vehumet.
  7592 | D:8      | Found an iron altar of Okawaru.
  7613 | D:8      | Reached skill level 9 in Armour
  7616 | D:8      | Found a sparkling altar of Nemelex Xobeh.
  7899 | D:8      | Found a staircase to the Lair.
  8066 | D:8      | Reached XP level 10. HP: 65/86 MP: 11/11
  8305 | D:8      | Acquired Qazlal's third power
  8343 | D:8      | Noticed Maurice
  8352 | D:8      | HP: 4/86 [Maurice/wand of lightning (28)]
  8359 | D:8      | Killed Maurice
  8803 | D:8      | Reached skill level 10 in Armour
  8854 | D:8      | Reached skill level 10 in Shields
  9115 | D:8      | Reached skill level 10 in Maces & Flails
  9528 | Lair:1   | Entered Level 1 of the Lair of Beasts
  9914 | Lair:1   | Noticed an oklob plant
 10113 | Lair:1   | Acquired Qazlal's fourth power
 10778 | Lair:2   | Got a slimy bronze ring
 10789 | Lair:2   | Identified the ring of Cutsy {*Confuse +Fly rPois MP+9 Dex-3} (You found it on level 2 of the Lair of Beasts)
 10989 | Lair:2   | Reached XP level 11. HP: 95/95 MP: 13/13
 11252 | Lair:2   | Reached skill level 11 in Armour
 11641 | Lair:3   | Reached skill level 5 in Invocations
 11670 | Lair:3   | Found a labyrinth entrance.
 11715 | Lair:3   | Noticed a catoblepas
 11728 | Lair:3   | Killed a catoblepas
 11829 | Lab      | Entered a labyrinth
 12200 | Lab      | Noticed a minotaur
 12217 | Lab      | Killed a minotaur
 12219 | Lab      | Got a slimy iron ring
 12222 | Lab      | Got an uncursed ichor-stained greatsling {flame}
 12222 | Lab      | Got a distressingly furry ring mail
 12224 | Lab      | Identified the Compendium of Sinister Rituals
 12245 | Lab      | Identified the +3 ring mail of Fashionability {Int+2} (You took it off a minotaur in a labyrinth)
 12256 | Lab      | Identified the cursed ring "Gouvo" {Str+2 Int-4 Dex-3 SInv Stlth+} (You took it off a minotaur in a labyrinth)
 12257 | Lab      | Lost intelligence.
 12257 | Lab      | Identified the +9 greatsling "Rafuboyxt" {flame, rPois rN++ Int-5} (You took it off a minotaur in a labyrinth)
 12482 | Lair:3   | Reached skill level 12 in Armour
 12489 | Lair:3   | Found a staircase to the Shoals.
 12931 | Lair:3   | You fall through a shaft for 2 floors!
 13032 | Lair:5   | Acquired Qazlal's fifth power
 13076 | Lair:5   | Reached XP level 12. HP: 105/105 MP: 15/15
 13219 | Lair:5   | Noticed an eight-headed hydra
 13266 | Lair:4   | Noticed Harold
 13302 | Lair:4   | Killed Harold
 14645 | Lair:4   | Noticed a six-headed hydra
 14682 | Lair:4   | Killed a six-headed hydra
 14682 | Lair:4   | Reached skill level 10 in Fighting
 15616 | Lair:5   | Killed an eight-headed hydra
 15616 | Lair:5   | Reached skill level 13 in Maces & Flails
 15746 | Lair:5   | Noticed a seven-headed hydra
 15763 | Lair:5   | Killed a seven-headed hydra
 16153 | Lair:5   | Noticed a death yak
 16156 | Lair:5   | Noticed a death yak
 16161 | Lair:5   | Noticed a death yak
 16164 | Lair:5   | Noticed a death yak
 16165 | Lair:5   | Noticed a death yak
 16171 | Lair:5   | Killed a death yak
 16173 | Lair:5   | Noticed a death yak
 16182 | Lair:5   | Killed a death yak
 16187 | Lair:5   | Killed a death yak
 16196 | Lair:5   | Killed a death yak
 16207 | Lair:5   | Killed a death yak
 16215 | Lair:5   | Killed a death yak
 16215 | Lair:5   | Reached XP level 13. HP: 31/114 MP: 17/17
 16808 | Lair:5   | Noticed a six-headed hydra
 16821 | Lair:5   | Killed a six-headed hydra
 17856 | Lair:6   | Reached skill level 14 in Armour
 17872 | Lair:6   | Found a staircase to the Snake Pit.
 17929 | Lair:6   | Noticed Nessos
 17955 | Lair:6   | Killed Nessos
 18473 | Lair:6   | Found a runed door.
 19308 | Lair:7   | Reached XP level 14. HP: 124/124 MP: 19/19
 19828 | Lair:8   | Entered Level 8 of the Lair of Beasts
 20063 | Lair:8   | Found a viscous altar of Jiyva.
 20063 | Lair:8   | Found a staircase to the Slime Pits.
 20155 | Lair:8   | Reached skill level 15 in Armour
 20621 | Lair:8   | Reached skill level 15 in Maces & Flails
 21949 | D:9      | Reached skill level 15 in Shields
 22175 | D:9      | Found a shadowy altar of Dithmenos.
 22654 | D:10     | Entered Level 10 of the Dungeon
 22788 | D:10     | Found a portal to a secret trove of treasure.
 23054 | D:10     | Gained mutation: You are weak. (Str -2) [potion of mutation]
 23585 | D:11     | Reached skill level 16 in Armour
 23866 | D:11     | Found a staircase to the Orcish Mines.
 24166 | D:11     | Reached skill level 1 in Evocations
 24286 | D:11     | Got a polished ring mail
 24302 | D:11     | Identified the +10 ring mail of Nobruc {Int+3} (You took it off an orc priest on level 11 of the Dungeon)
 24460 | D:12     | Noticed Gastronok
 24462 | D:12     | Noticed Psyche
 24475 | D:11     | Killed Psyche
 24505 | D:12     | Noticed Sonja
 24521 | D:12     | Paralysed by Sonja for 6 turns
 24624 | Orc:1    | Entered Level 1 of the Orcish Mines
 24726 | Orc:1    | Found a dark tunnel.
 24732 | Volcano  | Entered a volcano
 25127 | Orc:2    | Noticed Josephine
 25129 | Orc:2    | Noticed an orc warlord
 25133 | Orc:3    | Found a roughly hewn altar of Beogh.
 25466 | Orc:3    | Found Ukag's Armour Boutique.
 25703 | Orc:2    | Killed Josephine
 25709 | Orc:2    | Killed an orc warlord
 25709 | Orc:2    | Reached XP level 15. HP: 41/133 MP: 11/20
 26754 | Orc:3    | Noticed Erolcha
 26769 | Orc:2    | Killed Erolcha
 27055 | Orc:4    | Entered Level 4 of the Orcish Mines
 27152 | Orc:4    | Found a roughly hewn altar of Beogh.
 27276 | Orc:4    | Found a roughly hewn altar of Beogh.
 27391 | Orc:4    | Found a roughly hewn altar of Beogh.
 27436 | Orc:4    | Found a roughly hewn altar of Beogh.
 27469 | Orc:4    | Found a staircase to the Elven Halls.
 27489 | Orc:4    | Noticed Saint Roka
 27523 | Orc:4    | HP: 4/201 [Saint Roka/divine providence (11)]
 27524 | Orc:4    | Killed Saint Roka
 27527 | Orc:4    | Demolished by an orc warrior

Vault maps used:
D:1:      dpeg_arrival_round_c
D:3:      lemuel_coloured_pillars_altar, gammafunk_temple_overflow_claw,
          bloody_makhleb, uniq_crazy_yiuf_cottage, uniq_sigmund
D:4:      old_standard_altar
D:5:      lemuel_upstairs_altar, temple_statues, gup_ossuary_entry_pyramid,
          first_bread
D:6:      minmay_overflow_temple_star_quad, hangedman_feature_mirror,
          minmay_misc_feat_enclosed, uniq_duvessa
D:8:      grunt_temple_overflow_open, erik_lair_orcish_takeover,
          hangedman_pestilent_swarm, uniq_maurice
D:9:      overflow_temple_1_default, kennysheep_kite_vault
D:10:     nicolae_trove_entry_free_sample
D:11:     orc_0_dummy, serial_park_tiny_pond
D:12:     serial_shops, nicolae_shop_trees, minivault_16, uniq_gastronok,
          uniq_psyche, uniq_sonja
Temple:   nicolae_temple_hex_pool
Lair:1:   minmay_lair_oklob_bushes, lemuel_fruit_tree
Lair:3:   minmay_shoals_entry_lonely_mermaid, lab_entry_generic,
          portal_ice_cave_entry_imps, beast_lair_carwin_10
Lair:4:   wad_woods_minihive, serial_bayou_shore_b, uniq_harold
Lair:6:   minmay_snake_entry_six_corridors, pf_torpor_hydra, uniq_nessos
Lair:8:   hangedman_lair_caniforms_friends, dpeg_slime_entry_enclosed_altar
Orc:1:    nicolae_volcano_entry_s_turn
Orc:2:    uniq_josephine
Orc:3:    basic_altar, serial_shops, shop, nicolae_orc_pool_cavern,
          nicolae_orc_bridge_out, nicolae_orc_lava_room, uniq_erolcha
Orc:4:    grunt_orc_community_town_hall, grunt_orc_community_big_house_2,
          grunt_orc_community_big_house_1, grunt_orc_community_house_3,
          grunt_orc_community_house_1, grunt_orc_community_house_3,
          grunt_orc_community_house_2, grunt_orc_community_house_3,
          grunt_orc_community_house_3, nicolae_orc_stony_grotto
Lab:      labyrinth_mini_lab, nicolae_lab_statue, labyrinth_skeletal_remains,
          lab_block
Volcano:  volcano_bunker

Action                   |  1- 3 |  4- 6 |  7- 9 | 10-12 | 13-15 || total
-------------------------+-------+-------+-------+-------+-------++-------
Melee: Flail             |    55 |       |       |       |       ||    55
       Whip              |    82 |   160 |   404 |   935 |  1516 ||  3097
       Hammer            |       |       |       |       |   273 ||   273
Invok: Disaster Area     |       |       |       |     2 |     8 ||    10
       Elemental Force   |       |       |       |     2 |     1 ||     3
       Upheaval          |       |       |       |     1 |     2 ||     3
Evoke: Wand              |       |       |       |     1 |     7 ||     8
  Use: Scroll            |     3 |     5 |    11 |     9 |    13 ||    41
       Potion            |       |     5 |     1 |     6 |     7 ||    19
 Stab: Invisible         |       |       |       |       |     2 ||     2
  Eat: Chunk             |     2 |     6 |    11 |    11 |    22 ||    52
       Bread ration      |       |       |     1 |     3 |     4 ||     8
       Beef jerky        |       |       |     1 |     1 |     1 ||     3
       Pizza             |       |       |       |     2 |     1 ||     3
